 Dungeon Crawl Stone Soup version 0.31.0-32-g396128a36d (webtiles) character file.

Game seed: 2744831809883842298

2000 gummybears the Ruffian (level 9, -12/88 HPs)
             Began as a Troll Fighter on Apr 14, 2024.
             Was an Initiate of Wu Jian.
             Mangled by a two-headed ogre
             ... wielding a +0 giant club
              (31 damage)
             ... on level 6 of the Dungeon.
             The game lasted 00:10:57 (3741 turns).

gummybears the Ruffian (Troll Fighter)              Turns: 3741, Time: 00:10:58

Health: -12/88     AC:  6    Str: 26    XL:     9   Next: 2%
Magic:  8/8        EV: 10    Int:  4    God:    Wu Jian [......]
Gold:   127        SH:  9    Dex: 13    Spells: 8/8 levels left

rFire   + +          .
                       - Unarmed
rCold   + . .        b - +0 kite shield
rNeg    + + .        C - +0 robe of Impermeability {Harm +Inv rN+ Regen+}
rPois   .            (helmet restricted)
rElec   .            p - scarf {rC+ rF+}
rCorr   .            (gloves unavailable)
SInv    .            (boots unavailable)
Will    .....        (no amulet)
Stlth   +            o - ring of positive energy
HPRegen 1.94/turn    d - ring of protection from fire
MPRegen 0.11/turn

%: harm (+30% outgoing, +20% incoming), clarity
@: studying Throwing
A: large, unfitting armour, claws 3, regeneration 1, shaggy fur 1, tough skin 1,
iridescent scales 1, clarity, noise suppression, persistent drain
a: Renounce Religion, Evoke Invisibility


You were on level 6 of the Dungeon.
You worshipped Wu Jian.
Wu Jian was noncommittal.
You visited 2 branches of the dungeon, and saw 7 of its levels.

You collected 296 gold pieces.
You spent 169 gold pieces at shops.

Inventory:

Hand Weapons
 h - the +13 scythe of Curses {drain, curses, ^Drain}
   (You found it on level 2 of the Dungeon)

   ^Drain:    It drains your maximum health when unequipped.
Missiles
 k - 2 throwing nets (quivered)
Armour
 a - a +0 robe
 b - a +0 kite shield (worn)
 i - a +0 cloak
 p - a scarf of resistance (worn)
 C - the +0 robe of Impermeability (worn) {Harm +Inv rN+ Regen+}
   (You found it on level 5 of the Dungeon)

   rN+:       It protects you from negative energy.
   +Inv:      It lets you turn invisible.
   Regen+:    It increases your rate of health regeneration.
   Harm:      It increases damage dealt and taken.
Jewellery
 d - a ring of protection from fire (right claw)
 n - a ring of wizardry
 o - a ring of positive energy (left claw)
Wands
 w - a wand of iceblast (1)
Scrolls
 e - 2 scrolls of identify
 f - a scroll of enchant weapon
 g - a scroll of revelation
 r - 7 scrolls of teleportation
 s - 2 scrolls of fear
 y - a scroll of poison
 z - 2 scrolls of brand weapon
Potions
 c - 3 potions of might
 j - 6 potions of curing
 l - a potion of haste
 m - a potion of lignification {unknown}
 t - a potion of heal wounds
 u - 3 potions of enlightenment
 x - 2 potions of attraction {unknown}
 A - a potion of berserk rage {unknown}
 B - a potion of mutation
 D - a potion of cancellation


   Skills:
 + Level 5.0 Fighting
 + Level 5.0 Dodging
 + Level 5.4 Shields
 * Level 7.7 Unarmed Combat


You had 8 spell levels left.
You didn't know any spells.
Your spell library contained the following spells:

 Spells                   Type           Power      Damage    Failure   Level
 Magic Dart               Conj           0%         1d3       73%         1
 Shock                    Conj/Air       0%         1d3       73%         1
 Cigotuvi's Dreadful Rot  Necr/Alch/Air  0%         N/A       86%         2
 Searing Ray              Conj           0%         2d4       86%         2
 Hailstorm                Conj/Ice       0%         3d5       97%         3
 Summon Ice Beast         Ice/Summ       0%         N/A       97%         3
 Swiftness                Air            0%         N/A       97%         3
 Airstrike                Air            0%         2d(0-16)  100%        4
 Dispel Undead            Necr           0%         3d6       100%        4
 Fulminant Prism          Conj/Alch      0%         3d5       100%        4
 Martyr's Knell           Necr/Summ      0%         N/A       100%        4
 Death Channel            Necr           0%         N/A       100%        6
 Sculpt Simulacrum        Ice/Alch       0%         N/A       100%        6


Dungeon Overview and Level Annotations

Branches:
Dungeon (6/15)             Temple (1/1) D:6

Altars:
Ashenzari
Cheibriados
Elyvilon
Fedhas
Gozag
Hepliaklqana
Kikubaaqudgha
Makhleb
Okawaru
Ru
Sif Muna
Uskayaw
Vehumet
Wu Jian
Xom
Zin

Shops:
D:1 ?   D:2 !   D:6 *


Innate Abilities, Weirdness & Mutations

You are too large for most types of armour.
You have claws for hands.
Your natural rate of healing is unusually fast.
You are covered in fur. (AC +1)
You have tough skin. (AC +1)
You are partially covered in iridescent scales. (AC +2)
You possess an exceptional clarity of mind.
You passively dampen the noise of your surroundings.
Your health recovers twice as slowly from being drained.


Message History

You see here a potion of curing.
An orc is nearby!
You closely miss the orc. You block the orc's attack.
You claw the orc!
You kill the orc!
The Council accepts your kill.
No target in view!
j - 6 potions of curing (gained 1)
An iguana comes into view.
An iguana is nearby!
The iguana hisses angrily.
The two-headed ogre shouts in stereo!
You claw the iguana!
You kill the iguana!
The Council accepts your kill.
You lunge at the two-headed ogre.
You claw the two-headed ogre!
The two-headed ogre is moderately wounded.
The two-headed ogre barely misses you.
The two-headed ogre hits you with a +0 giant spiked club!!
You are too injured to fight recklessly!
You are too injured to fight recklessly!
You are too injured to fight recklessly!
You are too injured to fight recklessly!
The two-headed ogre misses you. x2
The two-headed ogre barely misses you. You block the two-headed ogre's attack.
The two-headed ogre hits you with a +0 giant club!!
You block the two-headed ogre's attack.
You scratch the two-headed ogre.
The two-headed ogre is moderately wounded.
You mangle the two-headed ogre!!
The two-headed ogre is severely wounded.
The two-headed ogre hits you with a +0 giant club!!
You block the two-headed ogre's attack.
You barely miss the two-headed ogre.
The two-headed ogre is severely wounded.
You claw the two-headed ogre!
The two-headed ogre is almost dead.
The two-headed ogre hits you with a +0 giant club!
* * * LOW HITPOINT WARNING * * *
The two-headed ogre hits you with a +0 giant spiked club!!
You die...

#...........# . #..
#..#......######...##...## ....#
..##......####.........#.. . ##
..#................#...... . #.
..###...............#........ #^.
<#####.###.#..##................#
[..###.................###.....##
....###.#...............#........
...## #......##.@..............##
...# ##..........O..............#
...###.........#.............##..
..###....###.............#....##.
..#.#...####.........†..###....##
..........##.#.#..........##....#
...##.##.##..###.......#...#.....
...#...#.......#..#.#####..##...#
..................########.....##


You could see a two-headed ogre.

Vanquished Creatures
  5 yaks
  A steam dragon (D:6)
  A black bear (D:6)
  An ice beast (D:4)
  An ogre (D:6)
  Blork the orc (D:4)
  A gnoll sergeant (D:6)
  4 scorpions
  A howler monkey (D:6)
  2 sleepcaps
  2 orc priests
  A hound (D:5)
  A jelly (D:5)
  Crazy Yiuf (D:2)
  An orc wizard (D:4)
  2 iguanas
  3 gnolls
  3 adders
  3 ribbon worms
  6 dart slugs
  17 orcs
  11 endoplasms
  4 giant cockroaches
  9 goblins
  3 hobgoblins
  4 quokkas
  9 ball pythons
  3 bats
  10 kobolds
  3 rats
114 creatures vanquished.

Notes
Turn   | Place    | Note
-------+----------+-------------------------------------------
     0 | D:1      | gummybears the Troll Fighter began the quest for the Orb.
     0 | D:1      | Reached XP level 1. HP: 22/22 MP: 0/0
     6 | D:1      | You fall into a shaft and drop 1 floor!
    17 | D:2      | Found Acroclyt's Distillery.
    33 | D:2      | Reached XP level 2. HP: 7/29 MP: 1/1
   122 | D:2      | Reached XP level 3. HP: 25/36 MP: 2/2
   197 | D:2      | Found a runed translucent door.
   198 | D:2      | Noticed Crazy Yiuf
   213 | D:2      | Found the +13 scythe of Curses {drain, curses, ^Drain}
   276 | D:2      | Killed Crazy Yiuf
   277 | D:2      | Reached skill level 3 in Unarmed Combat
   277 | D:2      | Reached XP level 4. HP: 44/44 MP: 3/3
   741 | D:1      | Gained mutation: Your muscles are strong. (Str +4, Int/Dex
                  | -1) [potion of mutation]
   741 | D:1      | Gained mutation: Your spells are a little harder to cast,
                  | but a little more powerful. [potion of mutation]
   741 | D:1      | Gained mutation: You possess an exceptional clarity of
                  | mind. [potion of mutation]
   818 | D:1      | Found Miyt's Magic Scroll Emporium.
   823 | D:1      | Bought a scroll of identify for 26 gold pieces
   823 | D:1      | Bought a scroll of identify for 26 gold pieces
  1187 | D:3      | Found a faded altar of an unknown god.
  1246 | D:3      | Lost mutation: Your spells are a little harder to cast, but
                  | a little more powerful. [potion of mutation]
  1246 | D:3      | Lost mutation: Your muscles are strong. (Str +4, Int/Dex
                  | -1) [potion of mutation]
  1246 | D:3      | Gained mutation: Your health recovers twice as slowly from
                  | being drained. [potion of mutation]
  1246 | D:3      | Gained mutation: You passively dampen the noise of your
                  | surroundings. [potion of mutation]
  1246 | D:3      | Gained mutation: You are partially covered in iridescent
                  | scales. (AC +2) [potion of mutation]
  1677 | D:3      | Reached XP level 5. HP: 53/53 MP: 4/4
  1897 | D:4      | Noticed an ice beast
  1902 | D:4      | Killed an ice beast
  1903 | D:4      | Reached skill level 4 in Unarmed Combat
  1917 | D:4      | Reached XP level 6. HP: 60/61 MP: 5/5
  1957 | D:4      | Noticed Blork the orc
  1961 | D:4      | Killed Blork the orc
  2133 | D:4      | Found a radiant altar of Vehumet.
  2145 | D:4      | Found a shimmering blue altar of Sif Muna.
  2153 | D:4      | Found a hazy altar of Hepliaklqana.
  2429 | D:5      | Entered Level 5 of the Dungeon
  2438 | D:4      | Reached skill level 5 in Unarmed Combat
  2472 | D:5      | Reached XP level 7. HP: 55/55 MP: 6/6
  2679 | D:5      | Identified the +0 robe of Impermeability {Harm +Inv rN+
                  | Regen+}
  2825 | D:5      | Found an ancient bone altar of Kikubaaqudgha.
  2930 | D:5      | Identified a scroll of acquirement
  2933 | D:5      | Acquired a manual of Throwing
  2954 | D:6      | Found Vilax's General Store.
  3132 | D:6      | Bought 2 scrolls of teleportation for 78 gold pieces
  3132 | D:6      | Bought a scroll of teleportation for 39 gold pieces
  3142 | D:6      | Noticed a steam dragon
  3148 | D:6      | Killed a steam dragon
  3149 | D:6      | Reached skill level 6 in Unarmed Combat
  3178 | D:6      | Reached XP level 8. HP: 57/75 MP: 7/7
  3296 | D:5      | Reached skill level 5 in Shields
  3296 | D:5      | Reached skill level 7 in Unarmed Combat
  3363 | D:6      | Noticed a two-headed ogre
  3428 | D:6      | Reached skill level 5 in Fighting
  3500 | D:6      | Found a staircase to the Ecumenical Temple.
  3530 | D:6      | Reached skill level 5 in Dodging
  3530 | D:6      | Reached XP level 9. HP: 88/88 MP: 8/8
  3535 | Temple   | Entered the Ecumenical Temple
  3557 | Temple   | Became a worshipper of the Wu Jian Council
  3741 | D:6      | Mangled by a two-headed ogre

Illustrated notes

Levels and vault maps discovered:
D:1:      tarquinn_simple_flora_water_f, layout_basic, serial_shops,
          nicolae_shop_hallway_plus, hex_large
D:2:      cheibrodos_pilgrimage, layout_basic, serial_shops, shop,
          uniq_crazy_yiuf_cottage
D:3:      cheibrodos_old_hovel, layout_loops_ring,
          dreamdust_ecumenical_altar_grove
D:4:      layout_basic, minmay_overflow_temple_star_quad, serial_bayou_crossing,
          uniq_blork_the_orc
D:5:      corexii_shack_village, layout_rooms,
          mainiacjoe_overflow_cross_hatched, grunt_decor_one_mirror
D:6:      layout_cave_pools, minmay_temple_entry_waves, serial_shops, shop
Temple:   minmay_temple_forest_path

Skill      XL: |  1  2  3  4  5  6  7  8 |
---------------+-------------------------+-----
Shields        | 3 4 5 |  5.4
Unarmed Combat | 3 4 5 6 7 |  7.7
Fighting       | 3 4 5 |  5.0
Dodging        | 3 4 5 |  5.0

Action                     |  1- 3 |  4- 6 |  7- 9 || total
---------------------------+-------+-------+-------++-------
  Melee: Unarmed           |    25 |    23 |   114 ||   162
         Scythe            |     1 |   108 |       ||   109
         Punch             |       |     1 |     2 ||     3
Ability: Lunge             |       |       |     1 ||     1
    Use: Potion            |       |     5 |     3 ||     8
         Scroll            |       |     3 |     8 ||    11
   Stab: Sleeping          |       |     3 |       ||     3
 Armour: Robe              |    25 |    88 |    95 ||   208
  Dodge: Dodged            |     3 |    68 |    74 ||   145
  Block: Kite shield       |    15 |       |     5 ||    20
